 Dungeon Crawl Stone Soup version 0.29-a0-870-g2c972031a6 (webtiles) character file.

Game seed: 8612789343755808277

5 Nato the Insei (level 1, 0/19 HPs)
             Began as an Octopode Transmuter on July 17, 2022.
             Slain by a kobold
             ... wielding a +0 club
              (1 damage)
             ... on level 1 of the Dungeon.
             The game lasted 00:00:55 (380 turns).

Nato the Insei (Octopode Transmuter)                 Turns: 380, Time: 00:00:55

Health: 0/19       AC: 20    Str:  9    XL:     1   Next: 80%
Magic:  2/3        EV: -1    Int: 15    God:
Gold:   0          SH:  0    Dex: 12    Spells: 3/4 levels left

rFire   . . .      SeeInvis .     - Unarmed
rCold   . . .      Faith    .   (no shield)
rNeg    . . .      Spirit   .   (helmet currently unavailable)
rPois   +          Reflect  .   (no amulet)
rElec   .          Harm     .   (no ring)
rCorr   .          Rampage  .   (no ring)
Will    .....      NoTele   +   (no ring)
Stlth   +.........              (no ring)
HPRegen 0.06/turn               (no ring)
MPRegen 0.08/turn               (no ring)
                                (no ring)
                                (no ring)

@: tree-form, constricted
A: stationary, stasis, torment immunity, boosted hp, almost no armour,
(amphibious), 8 rings, (camouflage 1), (gelatinous body 1), (nimble swimmer 1),
(tentacles)
a: no special abilities


You were on level 1 of the Dungeon.
You were a tree.
You visited 1 branch of the dungeon, and saw 1 of its levels.

Inventory:

Scrolls
 c - a scroll of noise {unknown}
Potions
 b - a potion of heal wounds {unknown}


   Skills:
 + Level 1.1 Fighting
 + Level 2.1 Dodging
 + Level 3.0 Unarmed Combat
 - Level 2.0 Spellcasting
 + Level 2.1 Transmutations


You had 3 spell levels left.
You knew the following spells:

 Your Spells              Type           Power      Damage    Failure   Level
a - Beastly Appendage     Tmut           14%        N/A       10%         1

Your spell library contained the following spells:

 Spells                   Type           Power      Damage    Failure   Level
 Wereblood                Tmut           7%         N/A       14%         2
 Spider Form              Tmut/Pois      4%         N/A       41%         3
 Ice Form                 Ice/Tmut       4%         N/A       82%         4


Dungeon Overview and Level Annotations

Branches:
Dungeon (1/15)

Altars:


Innate Abilities, Weirdness & Mutations

You are a tree.
Your roots penetrate the ground, keeping you stationary.
You cannot be teleported.
You are immune to unholy pain and torment.
Your maximum health is greatly increased.
You cannot wear most types of armour.
((You are amphibious.))
You can wear up to eight rings at the same time.
((Your skin changes colour to match your surroundings (Stealth+).))
((Your rubbery body absorbs attacks. (AC +1, EV +1)))
((You are camouflaged when in or above water. (Stealth+)))
((You have tentacles for arms and can constrict up to eight enemies at once.))


Message History

The kobold hits you with a +0 club.
A goblin comes into view. It is wielding a +0 club.
The ball python closely misses you. The ball python grabs you.
The ball python constricts you.
The jackal barks!
You tentacle-slap the ball python. Your grab misses the ball python.
You pierce the ball python, but do no damage.
The ball python is moderately wounded.
The kobold barely misses you. The ball python bites you.
The ball python constricts you.
You are too injured to fight recklessly!
The ball python's grasp on you weakens, but your attempt to escape fails.
A jackal comes into view.
The ball python bites you.
* * * LOW HITPOINT WARNING * * *
The ball python constricts you.
* * * LOW HITPOINT WARNING * * *
The kobold closely misses you.
You escape the ball python's grasp.
The kobold misses you. The ball python bites you.
* * * LOW HITPOINT WARNING * * *
The ball python closely misses you. The ball python completely misses you.
The ball python closely misses you.
Your tentacle spike disappears.
You turn into a tree.
Your roots penetrate the ground.
The jackal bites you but does no damage.
The ball python bites you but does no damage.
The ball python grabs you. The ball python constricts you.
The kobold hits you but does no damage.
You are too injured to fight recklessly!
You are too injured to fight recklessly!
You are too injured to fight recklessly!
Casting: Beastly Appendage (safe; 10% risk of failure)
Confirm with . or Enter, or press ? or * to list all spells.
You are stuck in your current form!
You hit the kobold but do no damage.
The jackal bites you but does no damage.
The ball python bites you but does no damage.
The ball python constricts you. The kobold hits you with a +0 club.
You die...

'###### #. ##...# .###### #.
#....# .#....# #.# #..#.# #
....#.# #.# #.... .# ##
.####.###.####$.###.#...
......#.......?.?......#
......#.##.##...hg......
#####.#.##.....hKSg.##.?
...#........#..#♣########
.#.#..#.###[#.##.#......+
.#....#.# #.#....#......#
>....(#.# ...#####..8...#
...####.# #..#...'......#
........###..#...#......#
....####...#.#...######'######
#...#....#.#.##'##<#.........#
#####.#### # #..#'#.........#


You could see 2 jackals, a hobgoblin, a goblin, a ball python and a kobold.

Vanquished Creatures
  3 kobolds (D:1)
  A quokka (D:1)
  A rat (D:1)
5 creatures vanquished.

Notes
Turn   | Place    | Note
-------+----------+-------------------------------------------
     0 | D:1      | Nato the Octopode Transmuter began the quest for the Orb.
     0 | D:1      | Reached XP level 1. HP: 13/13 MP: 3/3
   380 | D:1      | Slain by a kobold

Illustrated notes

Levels and vault maps discovered:
D:1:      evilmike_arrival_fibonacci_small, layout_basic

Action                   || total
-------------------------++-------
Melee: Unarmed           ||    13
       Constrict         ||     4
       Kick              ||     3
       Tentacles         ||     2
       Punch             ||     1
 Cast: Beastly Appendage ||     6
  Use: Potion            ||     1
 Stab: Sleeping          ||     1
Armor: Skin              ||     5
Dodge: Dodged            ||    13

Table legend: (Time is in decaauts)
 A = Elapsed time spent in this place.
 B = Non-inter-level travel time spent in this place.
 C = Inter-level travel time spent in this place.
 D = Time resting spent in this place.
 E = Time spent auto-exploring this place.
 F = Levels seen in this place.
 G = Mean time per level.
                   A        B        C        D        E       F      G
               +--------+--------+--------+--------+--------+-----+--------+
         Total |    379 |    379 |      0 |      0 |    334 |   1 |  379.0 |
       Dungeon |    379 |    379 |      0 |      0 |    334 |   1 |  379.0 |
               +--------+--------+--------+--------+--------+-----+--------+

Top non-repeatable levels by time:
     D:1: 379 daAuts
